Map: Ruins of Seras

Players

Dayshi - Winner!

  • Race: Terran Terran
  • League: Grandmaster

Zanster

  • Race: Zerg Zerg

Event: Homestory Cup XII

VOD

Have the link to the VOD?

Description

Time

  • Played on: Dec. 17, 2015, 9 a.m.
  • Length: 11:48

All games in this series

Show
View Real Time Build Order
Export as new Build Order

Dayshi Terran - Winner!

Build Orders: Reaper Expand, MMM Bio 

Get SALT Encoding   

  12  0:00  SCV  
  13  0:12  SCV  
  14  0:18  Supply Depot  
  14  0:25  SCV  
  15  0:39  SCV  
  15  0:41  Barracks  
  16  0:45  Refinery  
  16  0:52  SCV  
  17  1:04  SCV  
  18  1:16  SCV  
  19  1:28  Orbital Command  
  19  1:29  Reaper  
  20  1:43  Command Center  
  20  1:52  Supply Depot  
  20  1:54  SCV  
  20  2:00  Marine  
  22  2:10  Factory  
  22  2:11  SCV  
  23  2:23  Barracks Reactor  
  23  2:25  SCV  
  23  2:28  Refinery  
  24  2:37  SCV  
  25  2:50  SCV  
  28  3:00  Starport, Marine x2  
  28  3:02  SCV  
  28  3:03  Widow Mine  
  31  3:05  Orbital Command  
  30  3:14  SCV  
  30  3:17  Marine x2  
  33  3:21  Supply Depot  
  33  3:26  SCV  
  34  3:32  SCV  
  35  3:34  Factory Tech Lab  
  35  3:35  Marine x2  
  35  3:38  SCV  
  38  3:44  SCV  
  38  3:45  Supply Depot, Medivac  
  41  3:48  Bunker  
  41  3:51  SCV  
  41  3:53  Siege Tank  
  45  3:56  Marine x2  
  45  4:00  SCV  
  48  4:03  Liberator  
  48  4:11  SCV  
  48  4:12  SCV  
  53  4:25  Supply Depot  
  53  4:26  SCV  
  53  4:29  Command Center  
  55  4:31  SCV  
  55  4:37  Stimpack, Marine  
  56  4:40  Hellion  
  56  4:41  Hellion  
  61  4:45  SCV x2  
  61  4:48  Supply Depot, Liberator  
  62  4:57  SCV  
  62  4:58  SCV  
  61  5:06  Hellion x2  
  63  5:09  SCV  
  63  5:14  Refinery, Engineering Bay  
  64  5:15  Refinery, Engineering Bay  
  64  5:18  SCV, Marine  
  66  5:25  SCV  
  67  5:30  SCV  
  67  5:31  Barracks  
  67  5:32  Barracks  
  68  5:35  Factory Reactor  
  68  5:39  Marine  
  68  5:41  Terran Infantry Weapons Level 1  
  68  5:42  SCV, Orbital Command  
  68  5:45  Liberator  
  68  5:47  SCV, Terran Infantry Armor Level 1  
  69  5:54  SCV  
  70  5:57  Marine  
  70  5:59  SCV  
  75  6:05  Orbital Command  
  75  6:07  SCV  
  76  6:11  SCV  
  76  6:15  Barracks  
  76  6:16  Barracks  
  77  6:18  Marine x2  
  77  6:19  SCV, Supply Depot  
  77  6:23  SCV  
  81  6:31  SCV  
  82  6:34  Marine x3  
  82  6:35  SCV, Factory Reactor  
  82  6:36  Marine x2  
  85  6:43  SCV  
  80  6:47  SCV  
  80  6:48  SCV  
  80  6:55  SCV  
  80  6:59  SCV, Marine  
  80  7:00  Combat Shields, SCV, Barracks, Marine x4  
  88  7:01  Armory  
  88  7:07  SCV  
  89  7:10  Barracks Reactor x2  
  89  7:12  SCV x2  
  91  7:15  Medivac  
  91  7:16  Medivac  
  91  7:17  Marine x2  
  91  7:20  Supply Depot  
  91  7:21  Supply Depot x2, Factory Tech Lab  
  91  7:22  Marine x3  
  97  7:23  Bunker  
  97  7:25  SCV  
  97  7:28  SCV  
  99  7:34  SCV  
  99  7:35  Marine  
  101  7:42  SCV x2, Marine x4  
  101  7:44  Supply Depot, Siege Tank  
  107  7:45  Medivac  
  107  7:46  Supply Depot, SCV, Medivac  
  107  7:47  Marine  
  107  7:48  Marine  
  107  7:50  Barracks Reactor, Marine x2  
  116  7:53  Marine  
  115  7:59  Marine x3  
  115  8:00  Marine  
  115  8:03  Refinery  
  115  8:04  Refinery  
  115  8:05  Marine x2  
  117  8:07  Command Center  
  117  8:08  Marine x2  
  117  8:11  Marine  
  122  8:14  Supply Depot  
  122  8:15  Supply Depot  
  122  8:17  Marine x4  
  122  8:18  Medivac x2  
  130  8:23  Marine x2  
  130  8:26  Marine x2  
  134  8:28  Marine  
  134  8:31  Marine x2  
  134  8:35  Marine x4  
  134  8:41  Marine x2  
  137  8:44  Marine x2  
  137  8:46  Marine  
  132  8:48  Marine  
  132  8:49  Marine  
  132  8:53  Marine x4  
  113  9:04  Marine x2  
  113  9:05  Marine x2  
  113  9:06  Marine x3  
  110  9:11  Marine x4  
  110  9:15  Siege Tank, Medivac  
  110  9:16  Terran Infantry Armor Level 2, Terran Infantry Weapons Level 2, Medivac  
  120  9:22  Marine x2  
  120  9:23  Marine x2  
  123  9:24  Marine x3  
  123  9:28  Liberator  
  123  9:29  Marine x4  
  129  9:39  Marine x2  
  129  9:40  Planetary Fortress, Marine  
  129  9:41  Marine  
  129  9:42  Marine x3  
  129  9:44  Command Center  
  136  9:46  Marine x3  
  136  9:47  Marauder  
  136  9:51  SCV x2  
  145  9:57  Marine x2  
  145  9:58  Marine x2  
  145  9:59  Marine  
  146  10:00  Marine x2  
  146  10:04  Marine x3  
  152  10:08  Marine  
  151  10:15  Marine x2  
  151  10:16  Marine  
  153  10:23  Liberator x2  
  153  10:24  Marine x2  
  153  10:25  Marine  
  153  10:26  Marauder, Marine x3  
  153  10:27  Siege Tank  
  153  10:28  Marine  
  138  10:33  Marine x2  
  139  10:37  Marine  
  139  10:40  Barracks  
  139  10:41  Barracks  
  139  10:42  Marine x3  
  147  10:44  Marine x3  
  147  10:45  Ghost Academy  
  147  10:46  Marine  
  147  10:48  Marauder  
  155  10:51  Marine x2  
  155  10:54  Marine  
  158  11:00  Marine x3  
  158  11:01  Ghost Academy, Siege Tank  
  158  11:02  Marine x3  
  158  11:03  Marine  
  168  11:04  Command Center  
  168  11:08  Marine  
  168  11:09  Marauder, Marine  
  172  11:12  Marine  
  172  11:18  Marine  
  171  11:25  SCV  
  171  11:26  Marine x2  
  171  11:27  Marine x3  
  151  11:39  Barracks Tech Lab x2  
Show
View Real Time Build Order
Export as new Build Order

Zanster Zerg 

Build Orders: Hatch First 

Get SALT Encoding   

  12  0:00  Drone  
  13  0:13  Overlord  
  13  0:18  Drone  
  14  0:31  Drone x2  
  14  0:35  Drone  
  17  0:53  Hatchery  
  17  0:56  Drone  
  17  1:00  Drone  
  18  1:07  Drone  
  18  1:09  Extractor  
  18  1:21  Spawning Pool  
  18  1:22  Drone  
  18  1:29  Drone  
  19  1:39  Overlord  
  19  2:07  Queen x2  
  23  2:08  Zergling x2  
  23  2:09  Zergling x4  
  23  2:12  Metabolic Boost  
  23  2:15  Drone  
  27  2:17  Drone  
  28  2:23  Drone  
  29  2:30  Drone  
  29  2:44  Queen  
  29  2:48  Extractor  
  29  2:50  Drone  
  31  2:52  Overlord  
  31  2:53  Drone x2  
  31  2:56  Drone  
  35  3:09  Overlord  
  35  3:11  Drone  
  36  3:14  Hatchery, Drone  
  36  3:18  Drone  
  36  3:19  Drone  
  38  3:21  Drone  
  38  3:23  Drone  
  38  3:24  Drone  
  41  3:27  Drone  
  41  3:31  Drone  
  41  3:32  Drone  
  41  3:34  Drone  
  45  3:39  Lair  
  45  3:40  Drone  
  46  3:43  Extractor  
  46  3:44  Extractor  
  44  3:48  Roach Warren  
  44  3:50  Drone  
  44  3:52  Drone  
  45  3:56  Drone  
  45  3:57  Drone x2  
  45  3:59  Drone  
  45  4:01  Overlord  
  49  4:03  Drone  
  49  4:06  Drone  
  49  4:09  Drone  
  51  4:21  Evolution Chamber, Drone  
  51  4:22  Drone  
  51  4:23  Evolution Chamber, Queen  
  53  4:29  Zergling x6  
  53  4:31  Drone x4  
  60  4:36  Zergling x4  
  62  4:39  Overlord  
  62  4:42  Drone  
  62  4:43  Glial Reconstitution  
  63  4:47  Zerg Missile Weapons Level 1, Extractor  
  63  4:48  Drone  
  63  4:51  Overlord  
  63  4:55  Roach  
  63  4:57  Overlord  
  64  5:11  Spore Crawler, Overlord  
  64  5:13  Roach x2, Zergling x8  
  71  5:15  Overlord  
  71  5:16  Drone  
  71  5:20  Drone  
  73  5:23  Drone  
  73  5:26  Zerg Ground Armor Level 1  
  73  5:27  Drone  
  75  5:30  Overlord  
  75  5:32  Overseer  
  75  5:33  Drone  
  75  5:35  Drone  
  75  5:37  Drone  
  75  5:38  Drone x2  
  75  5:42  Ravager x2  
  81  5:50  Drone x2  
  81  5:51  Drone x6  
  81  5:54  Overlord  
  81  5:55  Overlord, Extractor  
  88  6:01  Ravager  
  88  6:08  Roach x5  
  98  6:13  Overlord  
  98  6:15  Roach  
  98  6:16  Roach  
  104  6:18  Roach x2  
  104  6:20  Overlord  
  106  6:29  Roach x3  
  106  6:30  Roach x2  
  116  6:33  Overlord  
  116  6:38  Roach x2  
  110  6:47  Drone  
  110  6:49  Roach  
  110  6:50  Roach x4  
  121  6:55  Drone x2  
  123  7:07  Queen  
  120  7:20  Drone x4  
  118  7:29  Drone x3  
  118  7:30  Roach x4  
  118  7:31  Ravager  
  118  7:32  Ravager x5  
  118  7:33  Overlord  
  118  7:35  Queen  
  135  7:43  Roach x2  
  135  7:44  Roach x2  
  140  7:48  Overlord  
  140  7:54  Roach  
  140  7:55  Roach x3  
  140  7:57  Overlord  
  148  8:00  Roach  
  148  8:05  Roach  
  152  8:07  Zerg Missile Weapons Level 2  
  152  8:09  Overlord  
  152  8:13  Roach x2  
  156  8:24  Roach, Zergling x2  
  156  8:25  Roach x2  
  162  8:32  Roach x4  
  168  8:34  Overlord  
  168  8:37  Hatchery  
  133  9:01  Roach x11  
  140  9:09  Roach  
  128  9:12  Roach x2  
  113  9:21  Roach  
  115  9:27  Roach x2  
  115  9:30  Roach  
  121  9:34  Roach  
  121  9:35  Hatchery, Roach  
  124  9:41  Roach  
  126  9:48  Extractor, Roach, Zergling x20  
  135  10:06  Roach x3  
  129  10:18  Roach, Zergling x2  
  129  10:19  Roach x6, Zergling x8  
  137  10:27  Roach  
  111  10:37  Zergling x8  
  111  10:41  Roach  
  111  10:42  Roach  
  119  10:44  Zergling x4  
  121  10:51  Roach, Zergling x4  
  121  10:55  Roach  
  127  10:57  Roach  
  127  10:58  Roach  
  127  11:00  Overseer  
  127  11:01  Zergling x2  
  127  11:02  Zergling x2  
  133  11:08  Zergling x2  
  134  11:13  Ravager x4  
  134  11:14  Zergling x2  
  134  11:15  Zergling x4  
  134  11:17  Zergling x2  
  134  11:18  Zergling x4  
  144  11:23  Zergling x6  
  144  11:24  Zergling x6  
Tags
 
Add a new tag
Caveats
  • Supply blocks, unpowered buildings, or Contaminate may cause inaccurate times.
  • Supply counts are checked every 10 seconds.